 Dungeon Crawl Stone Soup version 0.22-a0-293-gc9362ec (webtiles) character file.

459246 varam the Ninja (level 23, -45/125 HPs)
             Began as a Spriggan Enchanter on Mar 21, 2018.
             Was an Initiate of Gozag.
             Killed from afar by a lich (83 damage)
             ... with a crystal spear
             ... on level 3 of the Depths on Mar 24, 2018.
             The game lasted 06:50:28 (76859 turns).

varam the Ninja (Spriggan Enchanter)               Turns: 76859, Time: 06:50:29

Health: -45/125    AC: 11    Str: 23    XL:     23   Next: 33%
Magic:  13/32      EV: 38    Int: 19    God:    Gozag
Gold:   3942       SH: 12    Dex: 18    Spells: 3/48 levels left

rFire    + + +     SeeInvis +   I - +9 quick blade (pierce)
rCold    + + .     Gourm    .   a - +3 warlock's mirror {reflect}
rNeg     + . .     Faith    .   G - +3 robe of the Gardener {rC+ rN+ Str+4 Dex-2}
rPois    +         Spirit   .   N - +3 crown of Dyrovepreva {rElec Int+2 SInv}
rElec    +         Reflect  +   F - +2 cloak "Zuaf" {rC+ Str+3}
rCorr    .         Harm     .   (gloves unavailable)
MR       ++++.                  (boots unavailable)
Stlth    +++++++++.             l - amulet of the acrobat
HPRegen  0.30/turn              T - ring "Inodori" {rPois rF+++ MP-9 Str+9 Int-3}
MPRegen  0.23/turn              r - +5 ring of evasion

@: singing, very slightly contaminated, very quick
A: very small, unfitting armour, see invisible, herbivore, speed 3, slow
metabolism 2
}: 2/15 runes: barnacled, gossamer
a: Potion Petition, Call Merchant, Bribe Branch, Renounce Religion


You were on level 3 of the Depths.
You worshipped Gozag.
Gozag was most pleased with you.
You were hungry.

You visited 8 branches of the dungeon, and saw 41 of its levels.
You also visited: Labyrinth, Bailey, Ice Cave, Wizlab and Desolation.

You collected 23033 gold pieces.
You spent 8812 gold pieces at shops.
You paid 10279 gold pieces to Gozag.

Inventory:

Hand Weapons
 D - the +8 mithril axe "Arga" {speed, MR+}
   (You bought it in a shop on level 9 of the Dungeon)

   Attacks with this weapon are significantly faster.
   It affects your resistance to hostile enchantments.
 I - a +9 quick blade of piercing (weapon)
 K - a +8 blowgun
 Z - the +7 scimitar of Victory {freeze, SInv}
   (You found it on level 4 of the Shoals)

   It has been specially enchanted to freeze those struck by it, causing extra
   injury to most foes and up to half again as much damage against particularly
   susceptible opponents.
   It can also slow down cold-blooded creatures.
   It lets you see invisible.
Missiles
 O - 7 needles of sleeping
 W - 2 throwing nets (quivered)
Armour
 a - the +3 warlock's mirror (worn) {reflect}
   (You bought it in a shop on level 8 of the Dungeon)
 F - the +2 cloak "Zuaf" (worn) {rC+ Str+3}
   (You bought it in a shop on level 9 of the Dungeon)

   It affects your strength (+3).
   It protects you from cold.
 G - the +3 robe of the Gardener (worn) {rC+ rN+ Str+4 Dex-2}
   (You bought it in a shop on level 9 of the Dungeon)

   It affects your strength (+4).
   It affects your dexterity (-2).
   It protects you from cold.
   It protects you from negative energy.
 N - the +3 crown of Dyrovepreva (worn) {rElec Int+2 SInv}
   (You found it on level 11 of the Dungeon)

   It affects your intelligence (+2).
   It insulates you from electricity.
   It lets you see invisible.
Jewellery
 l - an amulet of the acrobat (around neck)
 p - a +5 ring of protection
 r - a +5 ring of evasion (right hand)
 v - the amulet of Mitynoen {RegenMP rElec rF+ Str+3 Int+2}
   (You acquired it on level 2 of the Vaults)

   [amulet of magic regeneration]

   It increases your magic regeneration.
   It affects your strength (+3).
   It affects your intelligence (+2).
   It protects you from fire.
   It insulates you from electricity.
 A - an uncursed ring of resist corrosion
 S - an uncursed ring of wizardry
 T - the ring "Inodori" (left hand) {rPois rF+++ MP-9 Str+9 Int-3}
   (You found it in a labyrinth)

   [ring of poison resistance]

   It affects your strength (+9).
   It affects your intelligence (-3).
   It renders you almost immune to fire.
   It protects you from poison.
   It affects your magic capacity (-9).
Wands
 h - a wand of digging (9)
 m - a wand of iceblast (4)
 M - a wand of enslavement (29)
 Q - a wand of paralysis (19)
 X - a wand of polymorph (34)
Scrolls
 b - 4 scrolls of enchant armour
 e - 9 scrolls of fog
 g - 17 scrolls of teleportation
 j - a scroll of silence
 n - 6 scrolls of fear
 o - 2 scrolls of blinking
 s - 7 scrolls of identify
 t - 4 scrolls of magic mapping
 u - 6 scrolls of remove curse
 B - a scroll of amnesia
 L - 2 scrolls of holy word
Potions
 c - 2 potions of flight
 f - 3 potions of magic
 i - 8 potions of heal wounds
 k - 3 potions of haste
 w - 4 potions of resistance
 z - 3 potions of brilliance
 C - 3 potions of agility
 E - 4 potions of ambrosia
 H - 7 potions of curing
 P - a potion of mutation
 V - 2 potions of invisibility
 Y - a potion of might
Miscellaneous
 q - a crystal ball of energy
 x - 2 phantom mirrors
 y - a lightning rod (4/4)
 J - a lamp of fire
 R - a phial of floods
 U - a box of beasts
Comestibles
 d - 18 rations


   Skills:
 + Level 14.3 Fighting
 - Level 10.1(10.4) Short Blades
 - Level 2.9(5.7) Long Blades
 - Level 3.8 Axes
 + Level 9.6 Throwing
 - Level 1.2 Armour
 - Level 16.9 Dodging
 O Level 27 Stealth
 - Level 8.6 Shields
 - Level 13.0 Spellcasting
 + Level 15.8 Hexes
 - Level 13.4 Charms
 - Level 21.7 Translocations
 - Level 4.0 Ice Magic
 - Level 12.7 Evocations


You had 3 spell levels left.
You knew the following spells:

 Your Spells              Type           Power        Failure   Level  Hunger
a - Corona                Hex            ######.      0%          1    None
b - Ensorcelled Hibernat  Hex/Ice        ######       1%          2    None
c - Confuse               Hex            ######..     1%          3    None
d - Dazzling Spray        Conj/Hex       #####.       1%          3    None
e - Song of Slaying       Chrm           ######..     1%          2    None
f - Regeneration          Chrm/Necr      #####.....   1%          3    None
g - Blink                 Tloc           N/A          0%          2    None
h - Ozocubu's Armour      Chrm/Ice       #####...     1%          3    None
i - Cause Fear            Hex            ######....   1%          4    #......
j - Controlled Blink      Tloc           N/A          4%          8    #######
k - Silence               Hex/Air        #####.....   6%          5    ####...
l - Discord               Hex            ######....   45%         8    #######
z - Infusion              Chrm           ####         1%          1    None


Dungeon Overview and Level Annotations

Branches:
Dungeon (15/15)            Temple (0/1) D:5            Lair (6/6) D:9
 Shoals (4/4) Lair:3       Spider (4/4) Lair:2        Slime (0/5) Lair:5
    Orc (2/2) D:11            Elf (3/3) Orc:2        Vaults (4/5) D:13
  Crypt (0/3) Vaults:2     Depths (3/5) D:15

Altars:
Ashenzari
Dithmenos
Elyvilon
Gozag
Kikubaaqudgha
Qazlal
Ru
Trog
Uskayaw
Vehumet
Wu Jian
Xom
Beogh
Jiyva

Shops:
D:4 :?!*?   D:6 *   D:8 [[(?   D:9 *(}[[((=}   D:11 !   D:12 %   Orc:2 }?([:
Elf:3 %   Shoals:2 ?   Depths:1 =:!(   Depths:2 (

Portals:
Hell: Depths:1 Depths:2
Ziggurat: Depths:1

Annotations:
Lair:1 exclusion: 2 oklob plants
Lair:5 Rupert
Spider:2 exclusion: downstairs, Frances
Spider:4 exclusion: Roxanne, Roxanne


Innate Abilities, Weirdness & Mutations

You are very small and have problems with some larger weapons.
You are too small for most types of armour.
You have supernaturally acute eyesight. (SInv)
You are a herbivore.
You cover ground extremely quickly.
You need to consume almost no food.


Message History

The bolt of acid hits you!
* * * LOW HITPOINT WARNING * * *
You are splashed with acid!
The acid burns!
* * * LOW HITPOINT WARNING * * *
You closely miss the lich.
The lich is almost destroyed. [a] - 231 gold - curing and magic [b] - 552 gold - might, agility, heal wounds and haste [c] - 150 gold - heal wounds Purchase which effect? [a] - 231 gold - curing and magic [b] - 552 gold - might, agility, heal wounds and haste [c] - 150 gold - heal wounds Purchase which effect?
You feel much better.
The lich points at you and mumbles some strange words.
The crystal spear hits you!
Ouch! That really hurt!
You die...
Your body crumbles into a pile of gold.

$$................#.
.$.................
..................#
....>..........=..#
............Z.....###
.....^..............#
.#####............###.##
..####..........#.......
....#.....)...%.@L......
......#.......##......##
....#........##....####
...####.....##.....#
#### ##....######## #
###...# #+++#


You could see a lich and an iron dragon skeleton.

Vanquished Creatures
  A juggernaut (Depths:2)
  Bai Suzhen (Spider:3)
  Xtahua (Vaults:2)
  A caustic shrike (Depths:2)
  Arachne (Spider:2)
  Nikola (Shoals:2)
  Jorgrun (Shoals:3)
  A tentacled monstrosity (Depths:1)
  2 liches
  A deep elf blademaster (Elf:2)
  A quicksilver dragon (Vaults:4)
  Polyphemus (Shoals:2)
  The ghost of inmateoo the Fencer, an adept BaFi of Okawaru (Elf:3)
  Kirke (Spider:4)
  Agnes (Elf:1)
  A sphinx (Vaults:3)
  A kraken (Shoals:4)
  Donald (Shoals:2)
  2 tengu reavers
  A fire giant (shapeshifter) (Depths:2)
  3 storm dragons
  Ilsuiw (Shoals:4)
  6 fire giants
  5 emperor scorpions
  7 ghost moths
  10 deep elf sorcerers
  16 vault wardens
  4 frost giants (Depths:2)
  Aizul (Vaults:1)
  20 ironheart preservers
  Louise (Shoals:2)
  5 deep elf elementalists (Elf:3)
  7 stone giants
  10 very ugly things
  A vampire knight (Depths:1)
  5 deep elf demonologists
  5 entropy weavers
  A white draconian (IceCv)
  The ghost of Ijustatesigmund the Cleaver, a journeyman NaFi of Cheibriados (Lair:1)
  The ghost of grizmgrazm2 the Destroyer, a journeyman DsFE of Sif Muna (Lair:5)
  6 deep elf annihilators
  The ghost of torrenera the Eclecticist, a journeyman DEFE of Vehumet (Lair:1)
  A minotaur (Lab)
  6 spark wasps (Spider:4)
  A dire elephant (D:15)
  3 merfolk javelineers (Shoals:4)
  6 deep elf death magi
  6 ettins
  11 fire dragons
  9 merfolk impalers
  A crystal guardian (Desolation)
  A ragged hierophant (Desolation)
  3 deep elf high priests (Elf:3)
  10 yaktaur captains
  Snorg (D:11)
  Josephine (D:10)
  3 jiangshi (Depths:1)
  3 great orbs of eyes
  6 hydras
  2 ice dragons (Depths:2)
  A peacekeeper (Desolation)
  A servant of whispers (Desolation)
  5 rakshasas
  11 vault guards
  4 merfolk aquamancers
  2 alligator snapping turtles
  A death knight (D:15)
  6 centaur warriors
  A catoblepas (Shoals:2)
  Erica (Lair:1)
  4 merfolk avatars
  3 satyrs
  2 tengu warriors
  A spriggan air mage (Depths:2)
  A deep troll earth mage (Depths:1)
  15 ogre magi
  37 two-headed ogres
  4 vampire magi
  4 deep troll shamans
  8 death scarabs (Spider:4)
  10 death yaks
  3 orc high priests
  Urug (D:10)
  30 deep elf knights
  Nergalle (Orc:2)
  A titan skeleton (Vaults:4)
  A storm dragon skeleton (Vaults:1)
  3 iron trolls (Depths:1)
  A spectral emperor scorpion (Spider:3)
  A flayed ghost (Vaults:4)
  15 sea snakes
  3 unseen horrors
  11 deep trolls
  3 wizards
  A sea snake (shapeshifter) (Vaults:4)
  2 glowing orange brains
  The ghost of darksquall the Fighter, a novice DrMo of Kikubaaqudgha (D:6)
  15 ironbrand convokers
  22 deep elf archers
  12 orc knights
  4 necromancers
  16 harpies
  A wolf spider zombie (Spider:4)
  15 orb spiders
  32 ugly things
  34 wolf spiders
  2 fauns (shapeshifter)
  A fire giant zombie (Vaults:1)
  12 manticores
  4 spectral wolf spiders (Spider:4)
  10 orc sorcerers
  71 deep elf magi
  5 cyclopes
  4 moths of wrath
  A cyclops (shapeshifter) (Vaults:1)
  7 fauns
  3 merfolk sirens
  2 black mambas
  15 vault sentinels
  16 elephants
  8 water nymphs
  2 torpor snails
  A storm dragon simulacrum (Vaults:4)
  10 spiny frogs
  5 centaur skeletons
  A gargoyle (D:12)
  34 yaktaurs
  17 demonic crawlers
  4 kobold demonologists
  An ice devil (Depths:1)
  23 rime drakes
  5 spectral redbacks (Spider:4)
  2 komodo dragons
  5 freezing wraiths
  19 polar bears
  50 jumping spiders
  3 spectral jumping spiders (Spider:4)
  6 trolls
  A hornet (shapeshifter) (Depths:2)
  28 merfolk
  A queen bee (shapeshifter) (Elf:3)
  A tengu simulacrum (Vaults:1)
  A troll (shapeshifter) (Vaults:1)
  5 wind drakes
  Prince Ribbit (D:6)
  2 tengu conjurers
  18 blink frogs
  2 spectral tarantellas (Spider:4)
  A raiju (shapeshifter) (Elf:1)
  A harpy skeleton (D:15)
  2 tarantella zombies (Spider:4)
  6 snapping turtles
  7 saltlings (Desolation)
  9 hippogriffs
  12 hornets
  4 dream sheep
  23 slime creatures
  3 air elementals
  2 shadows
  10 water elementals
  72 redbacks
  24 tarantellas
  A spriggan (shapeshifter) (Depths:2)
  12 spriggans (Lair:6)
  A yak (shapeshifter) (Vaults:1)
  3 vampires (Vaults:2)
  3 wyverns
  20 humans (D:13)
  10 wraiths
  73 yaks
  Eustachio (D:6)
  4 hogs (Spider:4)
  6 hungry ghosts
  A golden eye (shapeshifter) (Vaults:2)
  8 vampire mosquitoes
  A yaktaur simulacrum (Vaults:4)
  An ogre zombie (Vaults:2)
  9 wargs
  7 steam dragons
  A swamp worm (shapeshifter) (Depths:1)
  2 acid dragons
  A soldier ant (D:13)
  2 floating eyes
  8 water moccasins
  A deep troll skeleton (Vaults:4)
  11 porcupines
  A porcupine (shapeshifter) (Vaults:3)
  Duvessa (D:4)
  39 orc warriors
  An orc zombie (Vaults:1)
  2 spectral hornets (Spider:4)
  5 ice beasts
  3 hornet zombies (Spider:4)
  14 boggarts
  5 black bears
  A phantom (D:4)
  17 centaurs
  36 ogres
  4 necrophages
  An eye of draining (D:13)
  31 wolves
  14 crocodiles
  A crocodile (shapeshifter) (Vaults:2)
  4 big kobolds
  Blork the orc (D:5)
  A gnoll sergeant (D:6)
  11 bullfrogs
  2 earth elementals (Elf:1)
  A glowing shapeshifter simulacrum (Vaults:3)
  A human skeleton (Vaults:4)
  Dowan (D:4)
  2 wyvern zombies
  4 scorpions
  A troll zombie (D:12)
  21 killer bees
  2 wights (D:12)
  4 howler monkeys
  8 crimson imps
  A bullfrog zombie (D:11)
  3 centaur zombies
  A human simulacrum (Vaults:4)
  A quasit (D:5)
  5 human zombies
  4 hounds
  4 jellies
  A gnoll shaman (D:10)
  16 orc priests
  4 bullfrog skeletons
  31 orc wizards
  3 iguanas
  Ijyb (D:2)
  13 worker ants
  2 hound skeletons
  A hound zombie (D:5)
  A mummy (D:12)
  A worker ant zombie (D:5)
  9 gnolls
  6 adders
  6 shadow imps
  An ooze (D:6)
  An adder zombie (D:6)
  2 adder skeletons
  3 worms
  2 dart slugs
  8 leopard geckos
  103 orcs
  4 giant cockroaches
  12 goblins
  17 hobgoblins
  2 jackals (D:9)
  13 kobolds
  6 quokkas
  13 bats
  6 frilled lizards
  A jackal skeleton (D:8)
  9 rats
  4 plants (D:9)
1897 creatures vanquished.

Vanquished Creatures (collateral kills)
  An ironheart preserver (Vaults:1)
  An orb spider (Spider:4)
  A torpor snail (Spider:4)
  2 demonic crawlers (Spider:4)
  A jumping spider (Spider:4)
  A tarantella (Spider:4)
  11 redbacks
  A wight (D:6)
  An orc (Vaults:1)
20 creatures vanquished.

Vanquished Creatures (others)
  A fire giant (Depths:2)
  A centaur warrior (D:15)
  29 dancing weapons
  A merfolk aquamancer (Shoals:4)
  An orc sorcerer (Orc:2)
  A cyclops (D:13)
  A wolf spider (Spider:3)
  2 yaktaurs
  2 jumping spiders (Spider:3)
  6 redbacks
  A tarantella (Spider:3)
  A yak (D:14)
  2 humans (Spider:4)
  A sky beast (D:14)
  A wolf (IceCv)
  2 centaurs (Vaults:2)
  2 howler monkeys (D:6)
  A gnoll (D:6)
  An adder (D:6)
  4 orcs
  A quokka (D:6)
  7 fungi
  15 plants
  12 tentacles (Shoals:2)
96 creatures vanquished.

Grand Total: 2013 creatures vanquished

Notes
Turn   | Place    | Note
-------+----------+-------------------------------------------
     0 | D:1      | varam the Spriggan Enchanter began the quest for the Orb.
     0 | D:1      | Reached XP level 1. HP: 9/9 MP: 5/5
   265 | D:1      | Reached skill level 5 in Stealth
   265 | D:1      | Reached XP level 2. HP: 13/13 MP: 6/6
   380 | D:1      | Reached skill level 2 in Short Blades
   384 | D:1      | Learned a level 2 spell: Ensorcelled Hibernation
  1007 | D:2      | Reached XP level 3. HP: 16/16 MP: 8/8
  1591 | D:2      | Found a sacrificial altar of Ru.
  1633 | D:2      | Reached skill level 3 in Short Blades
  2052 | D:2      | Reached XP level 4. HP: 21/21 MP: 9/9
  2278 | D:3      | Noticed Ijyb
  2376 | D:3      | Found a stormy altar of Qazlal.
  2683 | D:3      | Learned a level 3 spell: Confuse
  2904 | D:2      | Killed Ijyb
  2904 | D:2      | Reached skill level 6 in Stealth
  2972 | D:3      | Reached skill level 4 in Short Blades
  3082 | D:3      | Reached XP level 5. HP: 16/24 MP: 0/10
  3087 | D:3      | Found a hide-covered altar of Uskayaw.
  3329 | D:3      | Found a faded altar of an unknown god.
  3510 | D:4      | Noticed an ogre
  3511 | D:4      | Killed an ogre
  3511 | D:4      | Reached skill level 5 in Short Blades
  3511 | D:4      | Reached skill level 7 in Stealth
  3525 | D:4      | Found Yfacleq's Book Shoppe.
  3550 | D:4      | Found an opulent altar of Gozag.
  3552 | D:4      | Noticed Dowan
  3604 | D:4      | Found Atistuga's Assorted Antiques.
  3605 | D:4      | Found Jeofiacu's Magic Scroll Shop.
  3605 | D:4      | Noticed Duvessa
  3614 | D:4      | Killed Duvessa
  3614 | D:4      | Reached skill level 3 in Spellcasting
  3614 | D:4      | Reached skill level 4 in Hexes
  3614 | D:4      | Reached XP level 6. HP: 28/28 MP: 11/11
  3616 | D:4      | Killed Dowan
  3627 | D:4      | Became a worshipper of Gozag Ym Sagoz the Greedy
  3642 | D:4      | Bought a glass wand for 100 gold pieces
  3677 | D:4      | Found Sylu's Distillery.
  3682 | D:4      | Bought a potion of heal wounds for 55 gold pieces
  3691 | D:4      | Reached skill level 1 in Evocations
  3692 | D:4      | Found Maihom's Magic Scroll Shop.
  3775 | D:4      | Reached skill level 8 in Stealth
  3775 | D:4      | Reached XP level 7. HP: 18/32 MP: 3/13
  3957 | D:4      | Reached skill level 4 in Spellcasting
  3957 | D:4      | Reached skill level 2 in Evocations
  4075 | D:4      | Reached skill level 5 in Hexes
  4383 | D:5      | Entered Level 5 of the Dungeon
  4412 | D:5      | Found a shattered altar of Ashenzari.
  4505 | D:5      | Reached skill level 3 in Evocations
  4529 | D:5      | Reached skill level 6 in Hexes
  4563 | D:5      | Found a staircase to the Ecumenical Temple.
  4581 | D:5      | Noticed Blork the orc
  4598 | D:5      | Killed Blork the orc
  4658 | D:5      | Reached skill level 7 in Hexes
  5032 | D:6      | Noticed Prince Ribbit
  5038 | D:6      | Killed Prince Ribbit
  5038 | D:6      | Reached skill level 8 in Hexes
  5038 | D:6      | Reached XP level 8. HP: 36/36 MP: 15/15
  5088 | D:6      | Noticed Eustachio
  5122 | D:6      | Reached skill level 1 in Fighting
  5133 | D:6      | HP: 2/37 [river rat[Eustachio] (4)]
  5163 | D:6      | Reached skill level 4 in Dodging
  5204 | D:6      | Found a shimmering altar of Xom.
  5224 | D:6      | Killed Eustachio
  5224 | D:6      | Reached skill level 2 in Fighting
  5224 | D:6      | Reached skill level 5 in Dodging
  5615 | D:6      | Noticed darksquall's ghost (novice DrMo)
  5638 | D:6      | Killed darksquall's ghost
  5638 | D:6      | Reached skill level 3 in Fighting
  5638 | D:6      | Reached skill level 7 in Dodging
  5638 | D:6      | Reached XP level 9. HP: 23/45 MP: 2/16
  5737 | D:6      | Found Caihea Jukh's Profane Products.
  5737 | D:6      | Found an ancient bone altar of Kikubaaqudgha.
  5776 | D:6      | Learned a level 3 spell: Dazzling Spray
  5820 | D:6      | Reached skill level 8 in Dodging
  6214 | D:4      | Bought a book of Battle for 400 gold pieces
  6217 | D:4      | Learned a level 2 spell: Song of Slaying
  6221 | D:4      | Learned a level 3 spell: Regeneration
  6223 | D:4      | Learned a level 1 spell: Infusion
  6331 | D:7      | Reached skill level 1 in Charms
  6334 | D:7      | Reached skill level 6 in Short Blades
  6334 | D:7      | Reached skill level 9 in Stealth
  6334 | D:7      | Reached skill level 2 in Charms
  6683 | D:7      | Reached skill level 3 in Charms
  7248 | D:7      | Reached skill level 4 in Charms
  7272 | D:7      | Reached skill level 10 in Stealth
  7363 | D:7      | Got a pitted hat
  7369 | D:7      | Identified the cursed -3 hat of the Three Moons {*Corrode +Fly rPois Int+6} (You found it on level 7 of the Dungeon)
  7430 | D:7      | Found a shadowy altar of Dithmenos.
  7634 | D:8      | Found a radiant altar of Vehumet.
  7645 | D:8      | Reached skill level 7 in Short Blades
  7718 | D:8      | Found Leegg's Antique Armour Shop.
  7776 | D:8      | Found a white marble altar of Elyvilon.
  7878 | D:8      | Noticed a two-headed ogre
  7883 | D:8      | Found Opleben's Armour Shop.
  7898 | D:8      | Found Astrururph's Antique Weapon Shoppe.
  7899 | D:8      | Found Qaituak's Magic Scroll Shoppe.
  7921 | D:8      | Killed a two-headed ogre
  7921 | D:8      | Reached skill level 8 in Short Blades
  7921 | D:8      | Reached skill level 11 in Stealth
  7921 | D:8      | Reached XP level 10. HP: 31/49 MP: 4/17
  7949 | D:8      | Bought a scroll of remove curse for 36 gold pieces
  7959 | D:8      | Bought a warped demon blade for 400 gold pieces
  7959 | D:8      | Identified the +5 demon blade of the Dove {elec, Dex+5} (You bought it in a shop on level 8 of the Dungeon)
  8149 | D:9      | Reached skill level 12 in Stealth
  8210 | D:9      | Reached skill level 4 in Fighting
  8355 | D:9      | Reached skill level 5 in Spellcasting
  8797 | D:9      | Noticed a two-headed ogre
  8811 | D:9      | Killed a two-headed ogre
  8811 | D:9      | Reached skill level 5 in Fighting
  8811 | D:9      | Reached skill level 6 in Spellcasting
  9162 | D:9      | Found an ornate altar of the Wu Jian Council.
  9312 | D:9      | Found a staircase to the Lair.
  9718 | D:10     | Entered Level 10 of the Dungeon
  9718 | D:10     | Noticed Josephine
  9797 | D:10     | Reached skill level 6 in Fighting
 10103 | D:9      | Reached XP level 11. HP: 56/56 MP: 18/21
 10203 | D:10     | Reached skill level 9 in Hexes
 10521 | D:10     | Killed Josephine
 10521 | D:10     | Reached skill level 9 in Short Blades
 11078 | D:10     | Noticed Urug
 11082 | D:10     | Noticed an unseen horror
 11090 | D:10     | Killed an unseen horror
 11090 | D:10     | Reached skill level 10 in Hexes
 11104 | D:10     | Killed Urug
 11104 | D:10     | Reached skill level 10 in Short Blades
 11355 | D:10     | Noticed a brown ugly thing
 11363 | D:10     | Killed a brown ugly thing
 11671 | D:11     | Found the +3 crown of Dyrovepreva {rElec Int+2 SInv}
 11671 | D:11     | Found a staircase to the Orcish Mines.
 11798 | D:11     | Reached skill level 9 in Dodging
 11943 | D:11     | Noticed Snorg
 11947 | D:11     | Killed Snorg
 11947 | D:11     | Reached skill level 4 in Evocations
 12192 | D:11     | Found Qeffo's Distillery.
 12398 | D:11     | Learned a level 2 spell: Blink
 12467 | D:12     | Identified a scroll of acquirement
 12497 | D:12     | Noticed a cyan ugly thing
 12526 | D:11     | Killed a cyan ugly thing
 12526 | D:11     | Reached skill level 13 in Stealth
 12578 | D:12     | Reached skill level 5 in Evocations
 12622 | D:12     | Reached skill level 10 in Dodging
 12714 | D:12     | Found Qetill's Food Emporium.
 12715 | D:12     | Found a labyrinth entrance.
 12724 | Lab      | Entered a labyrinth
 13374 | Lab      | Reached XP level 12. HP: 61/61 MP: 22/22
 13381 | Lab      | Reached skill level 6 in Evocations
 13449 | Lab      | Noticed a minotaur
 13461 | Lab      | Killed a minotaur
 13466 | Lab      | Got a crude ivory ring
 13469 | Lab      | Got a jewelled shortbow
 13471 | Lab      | Identified the Volume of the Volcanoes and the Entourage
 13484 | Lab      | Learned a level 3 spell: Ozocubu's Armour
 13486 | Lab      | Identified the +7 shortbow "Qorull" {freeze, +Fly rF+ rN+ MR+ Int-4} (You took it off a minotaur in a labyrinth)
 13780 | D:8      | Bought 3 scrolls of brand weapon for 720 gold pieces
 14119 | D:12     | Reached skill level 14 in Stealth
 14297 | D:12     | Reached skill level 11 in Dodging
 14297 | D:12     | Reached skill level 7 in Evocations
 14841 | D:12     | Found an ancient bone altar of Kikubaaqudgha.
 14881 | D:12     | Reached skill level 8 in Evocations
 14889 | D:12     | Identified the ring "Inodori" {rPois rF+++ MP-9 Str+9 Int-3} (You found it in a labyrinth)
 15114 | Lair:1   | Entered Level 1 of the Lair of Beasts
 15114 | Lair:1   | Noticed a six-headed hydra
 15114 | Lair:1   | Noticed Ijustatesigmund's ghost (journeyman NaFi)
 15141 | Lair:1   | Killed Ijustatesigmund's ghost
 15160 | Lair:1   | Killed a six-headed hydra
 15160 | Lair:1   | Reached skill level 12 in Dodging
 15160 | Lair:1   | Reached skill level 15 in Stealth
 15296 | Lair:1   | Noticed Erica
 15331 | Lair:1   | Killed Erica
 15331 | Lair:1   | Reached skill level 9 in Evocations
 15802 | Lair:1   | Noticed torrenera's ghost (journeyman DEFE)
 15823 | Lair:1   | Killed torrenera's ghost
 15899 | Lair:1   | Reached skill level 13 in Dodging
 16064 | Lair:2   | Reached skill level 10 in Evocations
 16283 | Lair:2   | Found a hole to the Spider Nest.
 16288 | Lair:2   | Found a frozen archway.
 16305 | IceCv    | Entered an ice cave
 16513 | IceCv    | Reached XP level 13. HP: 65/65 MP: 14/23
 16602 | IceCv    | Reached skill level 1 in Shields
 16725 | IceCv    | Reached skill level 14 in Dodging
 16801 | IceCv    | Reached skill level 2 in Shields
 17645 | IceCv    | Noticed a white draconian
 17655 | IceCv    | Reached skill level 3 in Shields
 17669 | IceCv    | Killed a white draconian
 17734 | IceCv    | Identified the Grimoire of the Traveller and Snow
 17919 | Lair:2   | Reached skill level 15 in Dodging
 18531 | Lair:3   | Reached skill level 4 in Shields
 19011 | Lair:3   | Found a staircase to the Shoals.
 19602 | Lair:4   | Reached skill level 7 in Fighting
 19602 | Lair:4   | Reached skill level 16 in Stealth
 19908 | Lair:4   | Reached XP level 14. HP: 47/72 MP: 2/24
 20022 | Lair:4   | Reached skill level 17 in Stealth
 20195 | Lair:4   | Reached skill level 8 in Fighting
 21529 | Lair:5   | Noticed grizmgrazm2's ghost (journeyman DsFE)
 21569 | Lair:5   | Killed grizmgrazm2's ghost
 21569 | Lair:5   | Reached skill level 18 in Stealth
 21656 | Lair:5   | Noticed Rupert
 22143 | Lair:5   | Found a staircase to the Slime Pits.
 22144 | Lair:5   | Found a viscous altar of Jiyva.
 22170 | Lair:5   | Reached skill level 19 in Stealth
 22233 | Lair:5   | Reached skill level 9 in Fighting
 22736 | Lair:6   | Entered Level 6 of the Lair of Beasts
 23367 | Lair:6   | Reached skill level 20 in Stealth
 23675 | Lair:6   | Reached XP level 15. HP: 56/79 MP: 2/25
 24240 | D:8      | Bought the +3 warlock's mirror {reflect} for 1200 gold pieces
 24240 | D:8      | Found the +3 warlock's mirror {reflect}
 24387 | Orc:1    | Entered Level 1 of the Orcish Mines
 25504 | Orc:2    | Entered Level 2 of the Orcish Mines
 25515 | Orc:2    | Reached skill level 21 in Stealth
 25716 | Orc:2    | Found Qaocris's Armour Shop.
 25907 | Orc:2    | Noticed an orc warlord
 25957 | Orc:2    | Reached skill level 10 in Fighting
 26029 | Orc:2    | Noticed a fire giant
 26029 | Orc:2    | an orc warlord changed into a fire giant
 26153 | Orc:2    | Killed a fire giant
 26300 | Orc:2    | Found a staircase to the Elven Halls.
 26428 | Orc:2    | Found Peutan's Gadget Shoppe.
 26463 | Orc:2    | Bought a wand of acid (7) for 286 gold pieces
 26463 | Orc:2    | Bought a wand of acid (8) for 312 gold pieces
 26488 | Orc:2    | Found an ancient bone altar of Kikubaaqudgha.
 26489 | Orc:2    | Noticed Nergalle
 26693 | Orc:2    | Found Pelor's Magic Scroll Emporium.
 26702 | Orc:2    | Killed Nergalle
 26824 | Orc:2    | Reached skill level 22 in Stealth
 26859 | Orc:2    | Found a roughly hewn altar of Beogh.
 26859 | Orc:2    | Found Kacim's Antique Weapon Shoppe.
 26974 | Orc:2    | Found Qint's Book Shoppe.
 27012 | Orc:2    | Found a radiant altar of Vehumet.
 27373 | D:13     | Found a flagged portal.
 27405 | Bailey   | Entered a bailey
 27665 | Bailey   | Reached skill level 23 in Stealth
 28805 | D:13     | Found a gate to the Vaults.
 28991 | D:14     | Reached skill level 24 in Stealth
 29287 | D:14     | Reached XP level 16. HP: 66/85 MP: 7/26
 29681 | D:15     | Entered Level 15 of the Dungeon
 29976 | D:15     | Reached skill level 25 in Stealth
 30110 | D:15     | Found a bloodstained altar of Trog.
 31116 | D:15     | Found a staircase to the Depths.
 31375 | Spider:1 | Entered Level 1 of the Spider Nest
 31453 | Shoals:1 | Entered Level 1 of the Shoals
 31652 | Shoals:2 | Noticed a kraken
 31721 | Shoals:2 | Noticed Louise
 31731 | Shoals:2 | Killed Louise
 31731 | Shoals:2 | Reached skill level 26 in Stealth
 33668 | Spider:2 | Reached skill level 27 in Stealth
 33952 | Spider:2 | Reached skill level 5 in Shields
 34217 | Spider:2 | Noticed Arachne
 34226 | Spider:2 | Killed Arachne
 34618 | Spider:2 | Reached skill level 6 in Shields
 34955 | Spider:2 | Noticed Frances
 36178 | Spider:2 | Reached XP level 17. HP: 53/89 MP: 18/27
 36759 | Spider:3 | Reached skill level 7 in Shields
 36888 | Spider:2 | Reached skill level 1 in Translocations
 36955 | Spider:2 | Reached skill level 11 in Hexes
 37160 | Spider:3 | Reached skill level 2 in Translocations
 37226 | Spider:3 | Reached skill level 3 in Translocations
 37717 | Spider:3 | Reached skill level 4 in Translocations
 37953 | Spider:3 | Learned a level 4 spell: Cause Fear
 38050 | Spider:3 | Reached skill level 5 in Translocations
 38137 | Spider:4 | Entered Level 4 of the Spider Nest
 38331 | Spider:4 | Reached skill level 7 in Spellcasting
 38523 | Spider:4 | Reached skill level 8 in Spellcasting
 38558 | Spider:4 | Noticed Roxanne
 38898 | Spider:3 | Reached skill level 9 in Spellcasting
 39020 | Spider:4 | Noticed Bai Suzhen
 39343 | Spider:3 | Killed Bai Suzhen
 39343 | Spider:3 | Reached skill level 10 in Spellcasting
 39536 | Spider:4 | Reached skill level 6 in Translocations
 40057 | Spider:4 | Reached skill level 7 in Translocations
 41266 | Spider:4 | Reached skill level 11 in Fighting
 41848 | Spider:4 | Noticed Kirke
 41979 | Spider:3 | Reached XP level 18. HP: 64/96 MP: 24/33
 42393 | Spider:4 | Killed Kirke
 42677 | Spider:4 | Reached skill level 12 in Fighting
 42696 | Spider:4 | Reached skill level 5 in Charms
 42855 | Spider:4 | Reached skill level 8 in Translocations
 42926 | Spider:4 | Got a gossamer rune of Zot
 43231 | D:9      | Bought an ichor-stained cloak for 285 gold pieces
 43241 | D:9      | Identified the +2 cloak "Zuaf" {rC+ Str+3} (You bought it in a shop on level 9 of the Dungeon)
 43248 | D:9      | Bought the +3 robe of the Gardener {rC+ rN+ Str+4 Dex-2} for 419 gold pieces
 43294 | D:9      | Bought a wand of paralysis (12) for 168 gold pieces
 43425 | Vaults:1 | Entered Level 1 of the Vaults
 43473 | Vaults:1 | Reached skill level 12 in Hexes
 43496 | Vaults:1 | Reached skill level 6 in Charms
 43547 | Vaults:1 | Reached skill level 9 in Translocations
 43614 | Vaults:1 | Reached skill level 7 in Charms
 43652 | Vaults:1 | Found a ruined gateway.
 43701 | Desolati | Entered the Desolation of Salt
 43968 | Desolati | Reached skill level 8 in Charms
 44250 | Vaults:1 | Reached skill level 10 in Translocations
 44546 | Vaults:1 | Reached skill level 13 in Hexes
 44605 | Vaults:1 | Reached skill level 9 in Charms
 45013 | Vaults:1 | Reached skill level 11 in Translocations
 45135 | Vaults:1 | Noticed Aizul
 45347 | Vaults:1 | Killed Aizul
 45347 | Vaults:1 | Reached skill level 10 in Charms
 45438 | Vaults:1 | HP: 4/98 [vault guard/enchanted great sword[a vault warden] (21)]
 45774 | Vaults:1 | Reached skill level 12 in Translocations
 46025 | Vaults:1 | Reached XP level 19. HP: 42/102 MP: 13/34
 46293 | Vaults:1 | Reached skill level 11 in Charms
 46557 | Vaults:1 | Reached skill level 14 in Hexes
 46961 | Vaults:1 | HP: 6/102 [yaktaur captain (21)]
 47316 | Vaults:1 | Upgraded the game from 0.22-a0-284-g99d1f74 to 0.22-a0-292-g0df9d5f
 48166 | Vaults:2 | Got a pitted emerald amulet
 48167 | Vaults:2 | Identified the amulet of Mitynoen {RegenMP rElec rF+ Str+3 Int+2} (You acquired it on level 2 of the Vaults)
 48397 | Vaults:2 | Reached skill level 13 in Fighting
 48460 | Vaults:2 | Found a staircase to the Crypt.
 48788 | Vaults:2 | Noticed Xtahua
 49276 | D:9      | Bought a wand of acid (11) for 360 gold pieces
 49419 | Orc:2    | Bought a wand of acid (8) for 312 gold pieces
 49419 | Orc:2    | Bought a wand of scattershot (6) for 390 gold pieces
 49419 | Orc:2    | Bought a phantom mirror for 390 gold pieces
 50449 | Vaults:2 | Reached skill level 15 in Hexes
 50513 | Vaults:2 | Killed Xtahua
 50513 | Vaults:2 | Reached skill level 11 in Evocations
 50726 | Vaults:2 | Reached skill level 12 in Evocations
 51502 | Vaults:3 | Reached skill level 13 in Translocations
 51638 | Vaults:3 | Reached XP level 20. HP: 67/109 MP: 3/35
 51938 | Vaults:3 | Reached skill level 11 in Spellcasting
 52036 | Vaults:3 | Reached skill level 14 in Translocations
 52238 | Vaults:3 | Reached skill level 1 in Throwing
 52439 | Vaults:3 | Reached skill level 2 in Throwing
 53144 | Vaults:3 | Reached skill level 15 in Translocations
 53243 | Vaults:3 | Learned a level 8 spell: Controlled Blink
 53321 | Vaults:3 | Reached skill level 3 in Throwing
 54019 | Vaults:4 | Reached skill level 4 in Throwing
 54386 | Vaults:4 | Reached skill level 12 in Spellcasting
 54429 | Vaults:4 | Reached skill level 16 in Translocations
 54898 | Vaults:4 | Got an encrusted arbalest
 54900 | Vaults:4 | Identified the +6 arbalest of Ficoir {penet, rF+ rC+ Str+6 Int+2} (You found it on level 4 of the Vaults)
 55532 | Vaults:4 | Reached skill level 5 in Throwing
 57083 | Shoals:1 | Reached skill level 17 in Translocations
 57701 | Shoals:2 | Noticed Polyphemus
 57768 | Shoals:2 | Killed Polyphemus
 58150 | Shoals:2 | Found Geneczocs's Magic Scroll Shop.
 58157 | Shoals:2 | Bought a scroll of brand weapon for 340 gold pieces
 58177 | Shoals:2 | Noticed Donald
 58209 | Shoals:2 | Killed Donald
 58221 | Shoals:2 | Reached skill level 6 in Throwing
 58231 | Shoals:2 | Noticed Nikola
 58577 | Shoals:3 | Reached XP level 21. HP: 97/113 MP: 23/38
 58722 | Shoals:2 | Killed Nikola
 58722 | Shoals:2 | Reached skill level 13 in Spellcasting
 59028 | Shoals:2 | Reached skill level 18 in Translocations
 59588 | Shoals:3 | Noticed Jorgrun
 59880 | Shoals:3 | Killed Jorgrun
 59954 | Shoals:4 | Entered Level 4 of the Shoals
 60437 | Shoals:4 | Noticed Ilsuiw
 60632 | Shoals:4 | Reached skill level 19 in Translocations
 61368 | Shoals:4 | Got a barnacled rune of Zot
 61596 | Shoals:4 | Killed Ilsuiw
 61596 | Shoals:4 | Reached skill level 20 in Translocations
 62607 | Shoals:4 | Got a transparent scimitar
 62608 | Shoals:4 | Identified the +7 scimitar of Victory {freeze, SInv} (You found it on level 4 of the Shoals)
 62928 | Elf:1    | Entered Level 1 of the Elven Halls
 63485 | Elf:1    | Reached skill level 21 in Translocations
 63805 | Elf:1    | Noticed Agnes
 63898 | Elf:1    | Killed Agnes
 64842 | Elf:2    | Found a magical portal.
 64856 | WizLab   | Entered The Hall of the Hellbinder
 65153 | Elf:2    | Reached skill level 1 in Long Blades
 65179 | Elf:2    | Found a runed gate.
 65179 | Elf:2    | Found a runed gate.
 65179 | Elf:2    | Found a runed gate.
 65763 | Elf:2    | Reached skill level 7 in Throwing
 65767 | Elf:2    | Reached skill level 2 in Long Blades
 66158 | Elf:2    | Reached XP level 22. HP: 95/119 MP: 14/40
 67062 | Elf:3    | Entered Level 3 of the Elven Halls
 67221 | Elf:3    | Noticed inmateoo's ghost (adept BaFi)
 68088 | Elf:3    | Found Quashrou's Food Boutique.
 68472 | D:9      | Bought a glowing blowgun for 137 gold pieces
 68473 | D:9      | Bought a glowing blowgun for 137 gold pieces
 68857 | Elf:3    | Reached skill level 1 in Ice Magic
 69131 | Elf:3    | Reached skill level 16 in Dodging
 69711 | Elf:3    | Reached skill level 12 in Charms
 69746 | Elf:3    | Reached skill level 8 in Throwing
 69746 | Elf:3    | Reached skill level 2 in Ice Magic
 69778 | Elf:3    | Killed inmateoo's ghost
 70046 | Elf:3    | Reached skill level 8 in Shields
 70868 | Elf:3    | Got a steaming robe
 70880 | Elf:3    | Identified the +2 robe of the Echidna {rElec rF+ Int-2 Stlth+} (You acquired it on level 3 of the Elven Halls)
 71526 | D:9      | Bought the +8 mithril axe "Arga" {speed, MR+} for 1615 gold pieces
 71526 | D:9      | Found the +8 mithril axe "Arga" {speed, MR+}
 71699 | Depths:1 | Entered Level 1 of the Depths
 72122 | Depths:1 | Upgraded the game from 0.22-a0-292-g0df9d5f to 0.22-a0-293-gc9362ec
 72374 | Depths:1 | Found Ojyupn's Book Shop.
 72376 | Depths:1 | Found Fintu's Antique Weapon Boutique.
 72376 | Depths:1 | Found Rean's Jewellery Shop.
 72379 | Depths:1 | Found Mesemeiw's Distillery.
 72381 | Depths:1 | Bought a book of Enchantments for 750 gold pieces
 72399 | Depths:1 | Found a gateway to a ziggurat.
 72416 | Depths:1 | Reached skill level 1 in Axes
 72574 | Depths:1 | Reached skill level 3 in Ice Magic
 72593 | Depths:1 | Reached skill level 14 in Fighting
 72726 | Depths:1 | Got a pitted silver ring
 72729 | Depths:1 | Identified the cursed ring "Keisas" {rF- MR+++ EV-3 Str+4 Int-3 Stlth+} (You found it on level 1 of the Depths)
 72733 | Depths:1 | Identified the +7 rapier of Kib Syl {distort, MR++} (You took it off a boggart on level 1 of the Depths)
 72960 | Depths:1 | Reached skill level 2 in Axes
 73304 | Depths:1 | Identified the Incunabulum of Lucky Flames
 73481 | Depths:1 | Found a gateway to Hell.
 74343 | Depths:2 | Reached skill level 13 in Charms
 74460 | Depths:2 | Reached XP level 23. HP: 86/124 MP: 16/41
 74473 | Depths:2 | Reached skill level 9 in Throwing
 75372 | Depths:2 | Reached skill level 4 in Ice Magic
 75390 | Depths:2 | Noticed a caustic shrike
 75413 | Depths:2 | Killed a caustic shrike
 75413 | Depths:2 | Reached skill level 3 in Axes
 75495 | Depths:2 | Noticed a juggernaut
 75529 | Depths:2 | Killed a juggernaut
 75529 | Depths:2 | Reached skill level 1 in Armour
 76135 | Depths:1 | Learned a level 5 spell: Silence
 76144 | Depths:1 | Learned a level 8 spell: Discord
 76267 | Depths:2 | Found Cakhlafim's Weapon Shoppe.
 76857 | Depths:3 | HP: 10/125 [acid (13)]
 76859 | Depths:3 | Killed from afar by a lich

Vault maps used:
D:1:      dpeg_arrival_subterranean_lakeside_camping
D:2:      nicolae_ru_awakened_eye
D:3:      eat_drink_and_be_merry_uskayaw, chequers_ecumenical_altar_island,
          grunt_qazlal_clouds, uniq_ijyb
D:4:      overflow_temple_1_default, first_ration, serial_shops, shop_fountains,
          shop, shop, nicolae_shop_stone,
          nicolae_shop_temple_entry_statues_fountains, uniq_duvessa
D:5:      nicolae_overflow_crystal_walls, minmay_temple_entry_glassed_door,
          minivault_26, uniq_blork_the_orc
D:6:      xom_confusion_cloud, nicolae_evil_shop, uniq_eustachio,
          uniq_prince_ribbit1
D:7:      kennysheep_mini_moat
D:8:      old_standard_altar, vehumet_altar_wand_db, serial_shops, shop, shop,
          nicolae_shop_stone, shop
D:9:      kennysheep_little_box, grunt_lair_entry_orc_guard_hut,
          hangedman_fish_farm
D:10:     uniq_urug, uniq_josephine
D:11:     orc_0_dummy, serial_shops, kennysheep_mini, uniq_snorg
D:12:     serial_shops, shop, lab_entry_generic,
          lemuel_mausoleum_altar_kikubaaqudgha
D:13:     grunt_vaults_entry_tiered, enter_bailey_2, minmay_holes
D:14:     lemuel_flamethrower_hall
D:15:     hangedman_depths_entry_try_elsewhere_first, serial_co_window_serial,
          co_window_corner_a, co_window_paths_b, co_window_paths_a,
          co_window_paths_b, co_window_paths_b, co_window_corner_ca,
          co_window_unsneaky_path_c, co_window_paths_c, co_window_4corner_b,
          minmay_stone_trees_small, trog_ov_bears_minmay
Lair:1:   dpeg_oklob_gauntlet, uniq_erica
Lair:2:   spider_nest_entry_funnel_web, portal_ice_cave_rime
Lair:3:   elwin_shoals_entry_rocks, beast_lair_carwin_5, grunt_megastairs_2
Lair:4:   bobbens_dragon_lair_wall
Lair:5:   slime_altar_1, st_stairs_4, beast_lair_carwin_7, serial_bayou_shore_b,
          grunt_megastairs_4, lemuel_fruit_tree, uniq_rupert
Lair:6:   minmay_lair_end_enchanted_forest
Shoals:1: kb_tengu_band
Shoals:2: nicolae_shoals_c_island, uniq_polyphemus, uniq_nikola, uniq_donald,
          uniq_louise
Shoals:3: uniq_jorgrun
Shoals:4: shoals_end_hangedman, shoal_ilsuiw
Spider:2: uniq_frances, uniq_arachne
Spider:4: floodkiller_spider_rune_tomb, nicolae_spider_shape, uniq_bai_suzhen,
          uniq_kirke, uniq_roxanne
Orc:1:    guppyfry_orc_lava_fort
Orc:2:    kennysheep_orc_mage_school, serial_shops, shop_coins
Elf:1:    eino_elf_arrival_the_gate, minivault_28, eino_tiny_chamber,
          grunt_ministairs_3, uniq_agnes
Elf:2:    infiniplex_enter_wizlab_water, columned_hall_lemuel, minivault_5,
          abandoned_shop, nicolae_elf_v_pinch
Elf:3:    minmay_elf_hall_dome, serial_shops, shop_statue
Vaults:1: nicolae_vaults_border_crossing, hangedman_vaults_corner, v_misc_19,
          v_misc_26, v_misc_12, vaults_mumra_hex, ontoclasm_vaults_hangar,
          nicolae_vaults_angled_halls, vaults_room_pools,
          portal_desolation_entry_nicolae_slug, uniq_aizul
Vaults:2: vaults_room_pools, minmay_crypt_entry_vampire_xt,
          dpeg_vaults_pockets_of_resistance, dpeg_vaults_monster_box,
          hangedman_vaults_impose, hangedman_vaults_variations,
          grunt_vaults_hallway_short, vaults_mumra_chevron, vaults_mumra_lcd,
          v_rooms_4, v_misc_17, vaults_dpeg_hooks, uniq_xtahua
Vaults:3: nicolae_vaults_network_periphery, vaults_dpeg_ring,
          hangedman_vaults_pinch, vaults_room_fancy_cross, v_misc_29,
          grunt_vaults_diagonal, nicolae_vaults_ninety_degrees, v_misc_28,
          vaults_dpeg_diagonal, v_misc_11
Vaults:4: nicolae_vaults_yaktaur_gun_rack, hangedman_vaults_maws, v_misc_26,
          ontoclasm_vaults_chip, vaults_room_hallway,
          nicolae_vaults_sealed_display, st_cross,
          nicolae_vaults_windows_and_doors_thing
Depths:1: enter_ziggurat_a, hangedman_coc_ice_floe,
          hangedman_abyss_or_decor_slice, corner_web_ring, minmay_the_grid_2x2,
          minmay_shoptagon
Depths:2: evilmike_horseshoe, serial_shops, shop, hangedman_tar_grid_catacomb,
          infiniplex_staircase_spiral
Depths:3: kennysheep_demon_jail, hell_entry, abyss_entry, pan_entry,
          minmay_misc_feat_roman, kennysheep_generic_room_14
Lab:      nicolae_lab_dead_adventurers, lab_block, nicolae_lab_checkerboard,
          labyrinth_skeletal_remains, nicolae_lab_grate_2
Bailey:   bailey_polearm_flooded_kennysheep, bailey
IceCv:    ice_cave_caverns_01
WizLab:   wizlab_demon

Skill      XL: |  1  2  3  4  5  6  7  8  9 10 11 12 13 14 15 16 17 18 19 20 21 22 23 |
---------------+----------------------------------------------------------------------+-----
Stealth        | 5 6 7 8 11 12 13 15 16 20 24 27 | 27.0
Short Blades   | 2 3 4 5 8 10 | 10.1
Spellcasting   | 3 4 6 10 12 13 | 13.0
Hexes          | 4 8 10 11 13 15 | 15.8
Evocations     | 1 3 5 10 12 | 12.7
Fighting       | 3 6 7 9 10 11 12 13 14 | 14.3
Dodging        | 7 8 10 13 15 16 | 16.9
Charms         | 4 10 11 13 | 13.4
Shields        | 4 6 7 8 |  8.6
Translocations | 7 12 13 17 21 | 21.7
Throwing       | 6 7 8 9 |  9.6
Long Blades    | 2 |  2.9
Ice Magic      | 3 4 |  4.0
Axes           | 2 3 |  3.8
Armour         | 1 |  1.2

Action                   |  1- 3 |  4- 6 |  7- 9 | 10-12 | 13-15 | 16-18 | 19-21 | 22-24 || total
-------------------------+-------+-------+-------+-------+-------+-------+-------+-------++-------
Melee: Dagger            |   138 |   109 |    95 |    91 |       |       |       |       ||   433
       Short sword       |       |    23 |       |       |       |       |       |       ||    23
       Rapier            |       |       |   241 |   169 |       |       |    77 |    35 ||   522
       Demon blade       |       |       |       |    11 |       |       |       |       ||    11
       Quick blade       |       |       |       |   226 |  2072 |  2465 |  2279 |  1317 ||  8359
       Unarmed           |       |       |       |       |       |     4 |       |       ||     4
       Scimitar          |       |       |       |       |       |       |    11 |    14 ||    25
 Fire: Blowgun           |       |       |       |       |       |       |       |     9 ||     9
Throw: Throwing net      |       |       |       |       |     2 |       |     1 |    10 ||    13
 Cast: Corona            |    16 |     7 |    19 |    20 |    56 |    42 |    41 |    15 ||   216
       Ensorcelled Hiber |    10 |    11 |     9 |    24 |     1 |     2 |       |     1 ||    58
       Confuse           |       |    14 |    55 |   103 |    81 |   190 |   339 |   113 ||   895
       Dazzling Spray    |       |       |     5 |    22 |    48 |    55 |   102 |    33 ||   265
       Song of Slaying   |       |       |     5 |     4 |    14 |    10 |    11 |    25 ||    69
       Infusion          |       |       |     2 |     3 |     4 |     5 |    11 |    17 ||    42
       Regeneration      |       |       |     1 |       |       |     1 |     6 |     1 ||     9
       Ozocubu's Armour  |       |       |       |     2 |     7 |     3 |     9 |    22 ||    43
       Blink             |       |       |       |       |    10 |       |     2 |     2 ||    14
       Cause Fear        |       |       |       |       |       |     1 |       |       ||     1
       Controlled Blink  |       |       |       |       |       |       |     1 |       ||     1
Invok: Potion Petition   |       |       |       |       |     1 |     1 |       |     1 ||     3
       Call Merchant     |       |       |       |       |       |     8 |       |     1 ||     9
Evoke: Wand              |       |       |    21 |    34 |    75 |    89 |    47 |    38 ||   304
       Lightning rod     |       |       |       |       |     6 |    16 |     8 |       ||    30
       Phantom mirror    |       |       |       |       |       |       |     1 |       ||     1
       Phial of floods   |       |       |       |       |       |       |     1 |       ||     1
  Use: Potion            |       |     7 |     3 |     4 |     2 |     4 |     5 |     5 ||    30
       Scroll            |       |       |    14 |    14 |    10 |     4 |    14 |     9 ||    65
 Stab: Sleeping          |    26 |    14 |    19 |    57 |    35 |    43 |    75 |    20 ||   289
       Confused          |       |     7 |    35 |    51 |    34 |    90 |   172 |    51 ||   440
       Invisible         |       |     5 |       |     6 |    32 |    23 |    39 |     4 ||   109
       Distracted        |       |       |     1 |     4 |    38 |    30 |    16 |    11 ||   100
       Paralysed         |       |       |     1 |     3 |    14 |    10 |       |       ||    28
       Held in net/web   |       |       |       |       |       |       |     1 |     2 ||     3
  Eat: Ration            |       |     2 |     4 |     7 |    11 |    12 |    12 |     6 ||    54
Armor: Robe              |    18 |    14 |    11 |    10 |     3 |     9 |    59 |    31 ||   155
       Animal skin       |       |       |       |       |    34 |    79 |       |       ||   113
Dodge: Dodged            |   105 |   124 |   253 |   329 |   711 |  1421 |   943 |   475 ||  4361
Block: Buckler           |       |       |       |       |   435 |   682 |   562 |   281 ||  1960
       Other             |       |       |       |       |    18 |       |       |       ||    18
       Reflection        |       |       |       |       |    33 |    13 |    73 |    27 ||   146
       Rpst.: Demon blade |       |       |       |     1 |       |       |       |       ||     1
       Scimitar          |       |       |       |       |       |       |     4 |     2 ||     6

Table legend:
 A = Spawn XP
 B = Non-spawn XP
 C = Spawn XP percentage of total XP
 D = Spawn monster count
 E = Non-spawn monster count
 F = Spawn count percentage of total count
 G = Total turns spent on level
                    A         B        C        D         E        F      G
               +---------+---------+-------+---------+---------+-------+---------
         Total |       0 |  890617 |   0.0 |       0 |    1954 |   0.0 | 76859
               +---------+---------+-------+---------+---------+-------+---------
           D:1 |       0 |      40 |   0.0 |       0 |      25 |   0.0 |  1053
           D:2 |       0 |      94 |   0.0 |       0 |      29 |   0.0 |  1652
           D:3 |       0 |     123 |   0.0 |       0 |      23 |   0.0 |   805
           D:4 |       0 |     764 |   0.0 |       0 |      16 |   0.0 |   916
           D:5 |       0 |     399 |   0.0 |       0 |      10 |   0.0 |   736
           D:6 |       0 |    2040 |   0.0 |       0 |      29 |   0.0 |  1603
           D:7 |       0 |    1260 |   0.0 |       0 |      26 |   0.0 |   943
           D:8 |       0 |    1922 |   0.0 |       0 |      21 |   0.0 |   934
           D:9 |       0 |    4293 |   0.0 |       0 |      30 |   0.0 |  2135
          D:10 |       0 |    5718 |   0.0 |       0 |      32 |   0.0 |  2232
          D:11 |       0 |    2598 |   0.0 |       0 |      19 |   0.0 |  1761
          D:12 |       0 |    6856 |   0.0 |       0 |      51 |   0.0 |  1221
          D:13 |       0 |   17798 |   0.0 |       0 |      67 |   0.0 |  1296
          D:14 |       0 |   10915 |   0.0 |       0 |      35 |   0.0 |   830
          D:15 |       0 |   15491 |   0.0 |       0 |      40 |   0.0 |  1427
        Lair:1 |       0 |    6372 |   0.0 |       0 |      14 |   0.0 |   991
        Lair:2 |       0 |    4002 |   0.0 |       0 |      17 |   0.0 |  1121
        Lair:3 |       0 |    5728 |   0.0 |       0 |      22 |   0.0 |  1221
        Lair:4 |       0 |   19210 |   0.0 |       0 |      52 |   0.0 |  1887
        Lair:5 |       0 |   11833 |   0.0 |       0 |      34 |   0.0 |  1327
        Lair:6 |       0 |   16499 |   0.0 |       0 |      64 |   0.0 |  1163
      Shoals:1 |       0 |   13183 |   0.0 |       0 |      24 |   0.0 |  1262
      Shoals:2 |       0 |   24236 |   0.0 |       0 |      28 |   0.0 |  1422
      Shoals:3 |       0 |   18740 |   0.0 |       0 |      28 |   0.0 |  1737
      Shoals:4 |       0 |   34868 |   0.0 |       0 |      57 |   0.0 |  1957
      Spider:1 |       0 |   11577 |   0.0 |       0 |      33 |   0.0 |  1451
      Spider:2 |       0 |   26337 |   0.0 |       0 |      62 |   0.0 |  3845
      Spider:3 |       0 |   28089 |   0.0 |       0 |      55 |   0.0 |  2540
      Spider:4 |       0 |   60845 |   0.0 |       0 |     138 |   0.0 |  3277
         Orc:1 |       0 |    6313 |   0.0 |       0 |      48 |   0.0 |   923
         Orc:2 |       0 |   14917 |   0.0 |       0 |      70 |   0.0 |  1861
         Elf:1 |       0 |   32110 |   0.0 |       0 |      52 |   0.0 |  2305
         Elf:2 |       0 |   43930 |   0.0 |       0 |      58 |   0.0 |  2759
         Elf:3 |       0 |   55644 |   0.0 |       0 |      58 |   0.0 |  3042
      Vaults:1 |       0 |   81914 |   0.0 |       0 |     109 |   0.0 |  3776
      Vaults:2 |       0 |   70138 |   0.0 |       0 |      99 |   0.0 |  3594
      Vaults:3 |       0 |   48892 |   0.0 |       0 |      89 |   0.0 |  2203
      Vaults:4 |       0 |   48641 |   0.0 |       0 |      71 |   0.0 |  2982
      Depths:1 |       0 |   45793 |   0.0 |       0 |      49 |   0.0 |  2620
      Depths:2 |       0 |   64063 |   0.0 |       0 |      54 |   0.0 |  2437
      Depths:3 |       0 |    3785 |   0.0 |       0 |       6 |   0.0 |   103
           Lab |       0 |    2372 |   0.0 |       0 |       7 |   0.0 |   919
        Bailey |       0 |    2291 |   0.0 |       0 |      39 |   0.0 |   659
         IceCv |       0 |   11946 |   0.0 |       0 |      53 |   0.0 |  1600
    Desolation |       0 |    6038 |   0.0 |       0 |      11 |   0.0 |   298
               +---------+---------+-------+---------+---------+-------+---------
